 Dungeon Crawl Stone Soup version 0.24.0-37-gcf1ca852f1 (webtiles) character file.

Game seed: 14462187813521780886, levelgen mode: deterministic

302 Nattfarinn the Bolt Thrower (level 6, -7/37 HPs)
             Began as a Kobold Hunter on Nov 21, 2019.
             Mangled by a hornet zombie (11 damage)
             ... in an ossuary.
             The game lasted 00:07:12 (3258 turns).

Nattfarinn the Bolt Thrower (Kobold Hunter)         Turns: 3258, Time: 00:07:13

Health: -7/37      AC:  4    Str: 11    XL:     6   Next: 65%
Magic:  6/6        EV: 16    Int: 12    God:
Gold:   71         SH:  0    Dex: 16    Spells: 5/5 levels left

rFire    . . .     SeeInvis .   b - +3 whip (flame)
rCold    . . .     Gourm    .   (shield restricted)
rNeg     . . .     Faith    .   c - +0 leather armour
rPois    .         Spirit   .   (no helmet)
rElec    .         Reflect  .   h - +0 cloak
rCorr    .         Harm     .   (no gloves)
MR       .....                  (no boots)
Stlth    ++........             (no amulet)
HPRegen  0.12/turn              (no ring)
MPRegen  0.10/turn              (no ring)

@: flying
A: small, carnivore
a: no special abilities


You were in an ossuary.
You were completely stuffed.

You visited 1 branch of the dungeon, and saw 4 of its levels.
You also visited: Sewer and Ossuary.

You collected 71 gold pieces.

Inventory:

Hand Weapons
 a - a +1 hand crossbow
 b - a +3 whip of flaming (weapon)
 q - a +0 short sword
Missiles
 d - 68 bolts
Armour
 c - a +0 leather armour (worn)
 h - a +0 cloak (worn)
Jewellery
 r - an uncursed amulet of the gourmand {unknown}
Scrolls
 g - 2 scrolls of remove curse {unknown}
 j - a scroll of noise {unknown}
 m - 6 scrolls of identify {unknown}
 n - 4 scrolls of amnesia
 o - a scroll of enchant weapon {unknown}
 p - a scroll of enchant armour {unknown}
Potions
 e - a potion of agility
 k - a potion of curing
 l - 2 potions of flight
Comestibles
 f - 10 rations


   Skills:
 + Level 3.4 Fighting
 * Level 6.5 Crossbows
 * Level 2.7 Armour
 + Level 3.9 Dodging
 - Level 1.3 Stealth


You had 5 spell levels left.
You didn't know any spells.
Your spell library was empty.

Dungeon Overview and Level Annotations

Branches:
Dungeon (4/15)              Sewer (visited)         Ossuary (1/1)
 Temple: D:4-7

Altars:
Elyvilon
Fedhas
Makhleb


Innate Abilities, Weirdness & Mutations

You are small and have problems with some larger weapons.
You are carnivorous and can eat meat at any time.


Message History

You hit the hornet zombie but do no damage.
The hornet zombie is moderately damaged.
The hornet zombie hits you. The hornet zombie misses you.
You closely miss the hornet zombie.
The hornet zombie is moderately damaged.
The hornet zombie hits you.
You are too injured to fight recklessly!
You are too injured to fight recklessly!
You are too injured to fight recklessly!
You are too injured to fight recklessly!
It was a potion of flight.
You feel very buoyant.
You fly up into the air.
The hornet zombie hits you!
* * * LOW HITPOINT WARNING * * *
As you read the scroll labeled NEQOAH MAZOLOM, it crumbles to dust.
It is a scroll of amnesia.
You feel forgetful for a moment. The hornet zombie hits you.
* * * LOW HITPOINT WARNING * * *
The hornet zombie hits you!
You die...

..+ #.#
#.' '.#
#.+ #.###
+.Z.#
#####@###
#∩..#.'.#
#.∩.'.###
#...#.+
#####.#
..' .#'##
#P#.# ≈
###


You could see a hornet zombie.

Vanquished Creatures
  A big kobold (Sewer)
  2 mummies
  A worker ant zombie (Ossuary)
  7 gnolls (D:3)
  3 adders
  2 river rats (Sewer)
  An adder zombie (Ossuary)
  2 worms
  2 dart slugs
  2 leopard geckos (D:3)
  2 giant cockroaches
  7 goblins
  5 hobgoblins
  6 jackals
  9 kobolds
  A quokka (D:2)
  3 ball pythons
  8 bats
  4 frilled lizards
  6 rats
74 creatures vanquished.

Vanquished Creatures (others)
  2 withered plants (Ossuary)
2 creatures vanquished.

Grand Total: 76 creatures vanquished

Notes
Turn   | Place    | Note
-------+----------+-------------------------------------------
     0 | D:1      | Nattfarinn the Kobold Hunter began the quest for the Orb.
     0 | D:1      | Reached XP level 1. HP: 12/12 MP: 1/1
   125 | D:1      | Reached XP level 2. HP: 17/17 MP: 2/2
   129 | D:1      | Reached skill level 5 in Crossbows
   446 | D:1      | Reached skill level 1 in Armour
   446 | D:1      | Reached XP level 3. HP: 21/22 MP: 3/3
   809 | D:2      | Found a faded altar of an unknown god.
  1309 | D:2      | Found a burning altar of Makhleb.
  1309 | D:2      | Noticed an Executioner
  1352 | D:2      | Reached XP level 4. HP: 27/27 MP: 4/4
  1473 | D:3      | Found a glowing drain.
  1584 | Sewer    | Entered a sewer
  1893 | Sewer    | Noticed a big kobold
  1916 | Sewer    | Killed a big kobold
  1916 | Sewer    | Reached skill level 6 in Crossbows
  1916 | Sewer    | Reached XP level 5. HP: 25/32 MP: 5/5
  2032 | Sewer    | Found a white marble altar of Elyvilon.
  2261 | D:3      | Found a blossoming altar of Fedhas.
  2306 | D:3      | Reached XP level 6. HP: 28/37 MP: 6/6
  3124 | D:4      | Found a white marble altar of Elyvilon.
  3151 | D:4      | Found a sand-covered staircase.
  3168 | Ossuary  | Entered an ossuary
  3258 | Ossuary  | Mangled by a hornet zombie

Levels and vault maps discovered:
D:1:      minmay_arrival_stair_chambers, layout_loops_ring
D:2:      layout_rooms, chequers_ecumenical_altar_island, first_ration,
          makhleb_altar_promises_db
D:3:      layout_loops_corners, overflow_temple_1_default, gup_sewer_entry_glass
D:4:      minmay_general_purpose_star, layout_loops_ring,
          gammafunk_temple_overflow_arena, amethyst_overflow_temple_binary,
          gup_ossuary_entry_pyramid
Ossuary:  ossuary_zaba_flooded

Skill      XL: |  1  2  3  4 |
---------------+-------------+-----
Crossbows      | 5 6 |  6.5
Armour         | 1 2 |  2.7
Dodging        | 3 |  3.9
Fighting       | 3 |  3.4
Stealth        | |  1.3

Action                   |  1- 3 |  4- 6 || total
-------------------------+-------+-------++-------
Melee: Short sword       |   134 |    43 ||   177
       Whip              |       |    80 ||    80
 Fire: Hand crossbow     |    11 |    43 ||    54
  Use: Potion            |     1 |     6 ||     7
       Scroll            |       |     1 ||     1
 Stab: Sleeping          |     2 |     2 ||     4
       Distracted        |     1 |       ||     1
  Eat: Chunk             |    10 |     6 ||    16
Armor: Leather armour    |    46 |    12 ||    58
Dodge: Dodged            |   139 |   139 ||   278
